 Dungeon Sprint DCSS version 0.23-a0-705-g0e654d2 (webtiles) character file.

2109 TheOrbIsALie the Impaler (level 9, -5/86 HPs)
             Began as a Merfolk Berserker on Jan 14, 2019.
             Was an Elder of Trog.
             Slain by a tentacle (19 damage)
             ... attached to a kraken
             ... in the Dungeon (Sprint II: "The Violet Keep of Menkaure").
             The game lasted 00:04:58 (1147 turns).

TheOrbIsALie the Impaler (Merfolk Berserker)        Turns: 1147, Time: 00:04:59

Health: -5/86      AC: 10    Str: 19    XL:     9   Next: 28%
Magic:  9/9        EV: 12    Int:  7    God:    Trog [****..]
Gold:   528        SH:  0    Dex: 14    Spells: 8/8 levels left

rFire    . . .     SeeInvis .   k - +1 trident
rCold    + . .     Gourm    .   (no shield)
rNeg     . . .     Faith    .   l - +1 chain mail of Experimentation {rPois rC+ MR+} (curse)
rPois    +         Spirit   .   (no helmet)
rElec    .         Reflect  .   (no cloak)
rCorr    .         Harm     .   (no gloves)
MR       +....     NoTele   +   (no boots)
Stlth    ..........             s - amulet of inaccuracy (curse)
HPRegen  0.24/turn              (no ring)
MPRegen  0.11/turn              (no ring)

@: berserk cooldown, slowed, very slow
A: change form in water, swift swim, stealthy swim
a: Berserk, Trog's Hand, Brothers in Arms, Renounce Religion


You were in the Dungeon.
You worshipped Trog.
Trog was greatly pleased with you.
You were near starving.

You visited 1 branch You collected 966 gold pieces.
You spent 438 gold pieces at shops.

Inventory:

Hand Weapons
 a - a +0 spear
 k - a +1 trident (weapon)
Armour
 b - a +0 animal skin
 l - the cursed +1 chain mail of Experimentation (worn) {rPois rC+ MR+}
   (You bought it in a shop in the Dungeon)

   It protects you from cold.
   It protects you from poison.
   It affects your resistance to hostile enchantments.
   It has a curse placed upon it.
Jewellery
 s - a cursed amulet of inaccuracy (around neck)
Scrolls
 i - a scroll of blinking
 j - a scroll of identify
 p - a scroll of fog
Potions
 d - 3 potions of curing
 e - 2 potions of heal wounds
 f - 2 potions of haste
 g - 5 potions of magic
 h - a potion of berserk rage
 m - a potion of might {unknown}
 o - 4 potions of flight
 r - 3 potions of agility {unknown}
 u - 3 potions of resistance {unknown}
 w - a potion of cancellation {unknown}
Comestibles
 c - 7 rations


   Skills:
 + Level 13.6 Fighting
 + Level 16.8 Polearms
 + Level 5.0 Armour
 + Level 10.3 Dodging
 + Level 4.3 Stealth


You had 8 spell levels left.
You didn't know any spells.
Your spell library was empty.

Dungeon Overview and Level Annotations

Branches:
Dungeon (1/1)

Altars:
Cheibriados
Dithmenos
Elyvilon
Fedhas
Gozag
Kikubaaqudgha
Makhleb
Nemelex Xobeh
Okawaru
Sif Muna
Trog
Uskayaw
Vehumet
Yredelemnul
Zin
Beogh
Jiyva
Lugonu

Shops:
D %:?[[[!:=}=:(:[!

Annotations:
D exclusion: oklob plant


Message History

You are too injured to fight recklessly!
You hit the tentacle but do no damage.
The tentacle is heavily wounded.
The kraken squirts a massive cloud of ink into the water!
The tentacle closely misses you.
You hit the tentacle.
The tentacle is heavily wounded.
The tentacle slaps you!
* * * LOW HITPOINT WARNING * * *
A tentacle rises from the water!
The tentacle slaps you but does no damage.
The kraken squirts a massive cloud of ink into the water!
You closely miss the tentacle.
The tentacle is heavily wounded.
The tentacle slaps you!
* * * LOW HITPOINT WARNING * * *
You closely miss the tentacle.
The tentacle is heavily wounded.
The tentacle slaps you!!
You die...

**,*,,#=)▓.[.)....▓▓,⌠,*,*,+≈,,≈+
,+^##.#:}▓.[((....▓▓,,,*,*,+≈,,≈+
,*...####▓..).....▓▓,,,*,*,+≈,,≈+
**#.^##.#▓[..[).((▓▓,,,*,*,+≈,,≈+
,,+.^#..#▓...(....▓▓,,,*,*,+≈,,≈+
,,#..#..#▓..()...(▓▓,⌠,*,*,*≈,,≈*
###..##)#▓...!).[?▓▓,,,*,*,*≈,,≈*
.###...##▓▓▓▓▓▓▓'▓▓▓▓+▓*,***≈,,≈*
...≈≈≈≈≈≈≈≈≈≈≈§§@wwX§≈▓,,,,,,,,**
...≈#+########+###Vww≈▓,,,,,,,**
≈.§≈#....._._#t§≈*#§§≈▓,,,,,,**
≈≈§≈#...._._.#≈§≈≈####▓****≈**
≈≈§≈#..._._._#§§§§≈**,,*,,*≈*
≈§§≈#.._._._.#§≈§§≈≈*,,*,,*≈*
§§≈§#._._._._#≈≈§§≈≈+,,+,,*≈*
##§§#_._._._.#§§§≈≈≈*,,*,,*≈*
,*§§#,_,_,_,,*≈≈≈≈≈≈*,,*,,*≈*


You could see a kraken and 4 tentacles.

Vanquished Creatures
  A merfolk siren (D)
  A yaktaur (D)
  3 polar bears (D)
  A hornet (D)
  4 neqoxecs (D)
  Menkaure (D)
  A vampire mosquito (D)
  4 worker ants (D)
  2 tentacles (D)
18 creatures vanquished.

Vanquished Creatures (collateral kills)
  2 tentacles (D)
2 creatures vanquished.

Vanquished Creatures (others)
  2 tyrant leeches (D)
  2 crocodiles (D)
  4 tentacles (D)
8 creatures vanquished.

Grand Total: 28 creatures vanquished

Notes
Turn   | Place    | Note
-------+----------+-------------------------------------------
     0 | D        | TheOrbIsALie the Merfolk Berserker began the quest for the
                  | Orb.
     0 | D        | Reached XP level 1. HP: 18/18 MP: 1/1
     1 | D        | Noticed a neqoxec
     1 | D        | Noticed a neqoxec
     1 | D        | Noticed a neqoxec
     1 | D        | Noticed a neqoxec
     6 | D        | Noticed a quasit
     8 | D        | Noticed an iron imp
     9 | D        | Killed a neqoxec
     9 | D        | Reached skill level 9 in Polearms
     9 | D        | Reached skill level 5 in Dodging
     9 | D        | Reached XP level 2. HP: 18/31 MP: 2/2
     9 | D        | Reached XP level 3. HP: 21/36 MP: 3/3
     9 | D        | Reached XP level 4. HP: 25/43 MP: 4/4
     9 | D        | Reached XP level 5. HP: 28/48 MP: 5/5
    18 | D        | Killed a neqoxec
    18 | D        | Reached ** piety under Trog
    18 | D        | Reached skill level 11 in Polearms
    18 | D        | Reached XP level 6. HP: 23/58 MP: 6/6
    25 | D        | Killed a neqoxec
    25 | D        | Reached skill level 10 in Fighting
    25 | D        | Reached skill level 12 in Polearms
    31 | D        | Killed a neqoxec
    31 | D        | Reached skill level 13 in Polearms
    31 | D        | Reached XP level 7. HP: 23/67 MP: 7/7
    94 | D        | Killed a tyrant leech
   103 | D        | Killed a tyrant leech
   140 | D        | Noticed Menkaure
   143 | D        | Killed Menkaure
   272 | D        | Noticed an obsidian statue
   297 | D        | Reached *** piety under Trog
   312 | D        | Reached skill level 1 in Stealth
   420 | D        | Noticed a merfolk siren
   439 | D        | Killed a merfolk siren
   439 | D        | Reached **** piety under Trog
   439 | D        | Reached skill level 14 in Polearms
   439 | D        | Reached XP level 8. HP: 57/76 MP: 8/8
   528 | D        | Noticed an ice statue
   533 | D        | Found Vacawk's Distillery.
   534 | D        | Found Xughiqij's Book Emporium.
   534 | D        | Found Huheupla's Antique Weapon Shoppe.
   535 | D        | Found Lisse's Jewellery Emporium.
   535 | D        | Found Juuttaun's Gadget Shoppe.
   535 | D        | Found Xazoedil's Antique Armour Shoppe.
   535 | D        | Found Neiniozi's Jewellery Emporium.
   536 | D        | Found Ugockaom's Distillery.
   536 | D        | Found Mealioh's Armour Shoppe.
   536 | D        | Found Dopoxu's Book Emporium.
   536 | D        | Found Ufergh's Antique Armour Shoppe.
   536 | D        | Noticed a redback
   537 | D        | Found Jerew's Book Shoppe.
   539 | D        | Found Ulyot's Antique Armour Shoppe.
   539 | D        | Found Jocs's Magic Scroll Emporium.
   539 | D        | Noticed a redback
   539 | D        | Noticed an oklob plant
   540 | D        | Found Atirph's Food Shoppe.
   540 | D        | Found Ziebluwn's Book Shoppe.
   550 | D        | Noticed a death yak
   552 | D        | Noticed a hell hog
   553 | D        | Noticed a hell hog
   559 | D        | Bought a potion of degeneration for 14 gold pieces
   562 | D        | Bought the cursed +1 chain mail of Experimentation {rPois
                  | rC+ MR+} for 424 gold pieces
   624 | D        | Found a roughly hewn altar of Beogh.
   625 | D        | Found a snail-covered altar of Cheibriados.
   626 | D        | Found a shadowy altar of Dithmenos.
   626 | D        | Found a viscous altar of Jiyva.
   627 | D        | Found a white marble altar of Elyvilon.
   627 | D        | Found an ancient bone altar of Kikubaaqudgha.
   628 | D        | Found a blossoming altar of Fedhas.
   628 | D        | Found a corrupted altar of Lugonu.
   628 | D        | Found a deep blue altar of Sif Muna.
   629 | D        | Found an opulent altar of Gozag.
   629 | D        | Found a burning altar of Makhleb.
   629 | D        | Found a bloodstained altar of Trog.
   630 | D        | Found a sparkling altar of Nemelex Xobeh.
   630 | D        | Found a hide-covered altar of Uskayaw.
   631 | D        | Found an iron altar of Okawaru.
   631 | D        | Found a radiant altar of Vehumet.
   631 | D        | Found a glowing silver altar of Zin.
   631 | D        | Found a basalt altar of Yredelemnul.
   631 | D        | Noticed a polar bear
   632 | D        | Noticed a yaktaur
   632 | D        | Noticed a hornet
   632 | D        | Noticed a polar bear
   634 | D        | Noticed a polar bear
   643 | D        | Killed a polar bear
   643 | D        | Reached skill level 15 in Polearms
   647 | D        | Killed a polar bear
   652 | D        | Killed a yaktaur
   652 | D        | Reached ***** piety under Trog
   652 | D        | Reached skill level 16 in Polearms
   652 | D        | Reached skill level 10 in Dodging
   652 | D        | Reached XP level 9. HP: 85/85 MP: 9/9
   655 | D        | Killed a hornet
   663 | D        | Killed a polar bear
   663 | D        | Reached skill level 5 in Armour
   805 | D        | Noticed a kraken
  1147 | D        | Slain by a tentacle

Vault maps used:
D:        the_violet_keep_of_menkaure

Skill      XL: |  1  2  3  4  5  6  7  8  9 |
---------------+----------------------------+-----
Fighting       | 7 9 10 12 13 | 13.6
Polearms       | 9 11 13 14 16 | 16.8
Armour         | 2 3 4 5 |  5.0
Dodging        | 5 6 7 8 10 | 10.3
Stealth        | 2 3 4 |  4.3

Action                   |  1- 3 |  4- 6 |  7- 9 || total
-------------------------+-------+-------+-------++-------
Melee: Spear             |     7 |    22 |    56 ||    85
       Trident           |       |       |    53 ||    53
       Tailslap          |       |       |     3 ||     3
Invok: Berserk           |     1 |       |     2 ||     3
       Brothers in Arms  |       |       |     1 ||     1
  Use: Scroll            |       |       |     7 ||     7
 Stab: Distracted        |       |       |     1 ||     1
  Eat: Chunk             |       |       |     2 ||     2
Armor: Animal skin       |       |     1 |       ||     1
       Chain mail        |       |       |    15 ||    15
Dodge: Dodged            |     2 |     4 |    37 ||    43

Table legend:
 A = Non-vault XP
 B = Vault XP
 C = Vault XP percentage of total XP
 D = Non-vault monster count
 E = Vault monster count
 F = Vault count percentage of total count
                 A         B        C        D         E       F
            +---------+---------+-------+---------+---------+-------
      Total |       0 |    3014 | 100.0 |       0 |      16 | 100.0
            +---------+---------+-------+---------+---------+-------
          D |       0 |    3014 | 100.0 |       0 |      16 | 100.0
            +---------+---------+-------+---------+---------+-------
